AoeStats
← brandon_3110

Nomad

507372687Analyzed
3v3 RM · 26d ago on Sep 17, 2026· 33m 28s· 6 players
Game mode
Random Map
Map size
210×210
Population
200
Speed
Normal
Resources
Standard
Victory
Conquest
Starting age
Dark Age
Ending age
Imperial Age
RankedLock teamsTeams togetherTeam positionsShared explorationLock speedFull tech treeHidden civsTurbo modeCheats
Victory
Defeat
🇨🇱 Spanish · Chile
1164
+14
🇹🇷 Japanese · Türkiye
1097
+16
🇨🇦 Vietnamese · Canada
1076
+18
vs
🇺🇾 Teutons · Uruguay
1120
-16
🇺🇾 Franks · Uruguay
1105
-16
🇺🇾 Vikings · Uruguay
1102
-16
Lord Haliax
15:02 Feudal Age
13:24 Loom
23:24 Double-Bit Axe
25:42 Castle Age
24:21 Scale Barding Armor
25:59 Forging
26:34 Husbandry
31:08 Bow Saw
brandon_3110
9:59 Loom
11:54 Loom
14:25 Feudal Age
14:14 Loom
15:33 Loom
20:12 Castle Age
20:52 Man-at-Arms
21:57 Long Swordsman
22:45 Squires
22:59 Double-Bit Axe
25:35 Padded Archer Armor
25:25 Fletching
25:21 Crossbowman
29:20 Ballistics
29:45 Bodkin Arrow
29:39 Town Watch
31:25 Leather Archer Armor
32:24 Elite Skirmisher
Ramza
4:12 Loom
14:56 Feudal Age
18:09 Horse Collar
18:17 Double-Bit Axe
21:53 Wheelbarrow
24:16 Castle Age
30:24 Imperial Age
DropDongHitBong420
4:01 Loom
15:19 Feudal Age
17:33 Double-Bit Axe
20:43 Castle Age
18:35 Fletching
19:29 Fishing Lines
21:19 Gillnets
23:16 Bodkin Arrow
23:27 Gold Mining
23:49 Bow Saw
23:23 Horse Collar
24:03 Padded Archer Armor
25:49 Ballistics
28:35 Imperial Age
29:17 Bracer
30:37 Chemistry
31:37 Two-Man Saw
31:22 Leather Archer Armor
33:47 Ring Archer Armor
Zortopos
11:35 Loom
13:59 Feudal Age
15:42 Double-Bit Axe
18:03 Fishing Lines
23:40 Castle Age
22:08 Scale Mail Armor
22:18 Forging
22:58 Gold Mining
23:36 Town Watch
24:57 Bow Saw
26:03 Forging
26:09 Chain Mail Armor
27:46 Gillnets
28:59 Squires
28:45 Arson
28:45 Gambesons
29:43 Iron Casting
32:39 Wheelbarrow
35:21 Imperial Age
33:16 Fletching
DaN_L
4:46 Loom
14:14 Feudal Age
22:58 Castle Age
21:34 Double-Bit Axe
21:30 Horse Collar
22:47 Gold Mining
24:54 Wheelbarrow
24:15 Stone Mining
29:20 Padded Archer Armor
32:22 Leather Archer Armor
32:54 Bloodlines
Connection lost

Rejoining the realm…

Still unreachable

The connection could not be restored.

Session expired

The server has moved on; the page needs a fresh start.